 Dungeon Sprint DCSS version 0.30-a0-223-gcb0039aa0c (webtiles) character file.

Game seed: 17916504504403855784

69021 mhtbhm the Shatterer (level 14, 0/250 HPs)
             Began as an Armataur Berserker on Oct 9, 2022.
             Was the Champion of Trog.
             Succumbed to Nessos's poison
             ... in the Dungeon (Sprint IX: "|||||||||||||||||||||||||||||").
             The game lasted 00:07:53 (3016 turns).

mhtbhm the Shatterer (Armataur Berserker)           Turns: 3016, Time: 00:07:54

Health: 0/250      AC: 31    Str: 31    XL:     14   Next: 88%
Magic:  14/14      EV: 11    Int:  7    God:    Trog [******]
Gold:   362        SH:  0    Dex: 10    Spells: 13/13 levels left

rFire   . . .      SeeInvis .    a - +7 great mace (vorpal)
rCold   . . .      Faith    .    (shield currently unavailable)
rNeg    . . .      Spirit   .    b - +8 plate armour "Qies Luriett" {Contam rElec rPois Regen+}
rPois   +          Reflect  .    t - +2 hat {Will+}
rElec   +          Harm     .    u - +0 cloak
rCorr   .          Roll     +    B - +1 pair of gloves
Will    ++...      NoTele   +    (no barding)
Stlth   ..........               (no amulet)
HPRegen 1.41/turn                l - +3 ring of strength
MPRegen 0.14/turn                m - +2 ring of evasion

@: berserking, lethally poisoned (0 -> -1), hasted, very quick
A: large, rugged brown scales 3, deformed body, armoured tail, roll, long
tongue, awkward tongue
a: Renounce Religion, Berserk, Trog's Hand, Brothers in Arms


You were in the Dungeon.
You worshipped Trog.
Trog was exalted by your worship.
You visited 1 branch You collected 1912 gold pieces.
You spent 1550 gold pieces at shops.

Inventory:

Hand Weapons
 a - a +7 vorpal great mace (weapon)
Armour
 b - the +8 plate armour "Qies Luriett" (worn) {Contam rElec rPois Regen+}
   (You bought it in a shop in the Dungeon)

   rElec:     It insulates you from electricity.
   rPois:     It protects you from poison.
   Contam:    It causes magical contamination when unequipped.
   Regen:     It increases your rate of health regeneration.
 t - a +2 hat of willpower (worn)
 u - a +0 cloak (worn)
 B - a +1 pair of gloves (worn)
Jewellery
 l - a +3 ring of strength (left hand)
 m - a +2 ring of evasion (right hand)
 x - a ring of protection from fire
 y - a ring of poison resistance
 z - a ring of fire
 A - a ring of willpower
Wands
 j - a wand of light (5) (quivered)
Scrolls
 h - 5 scrolls of blinking
 p - 5 scrolls of butterflies
 q - 6 scrolls of fear
 r - 3 scrolls of identify
 s - 2 scrolls of enchant weapon
 v - a scroll of summoning
 w - 2 scrolls of enchant armour
Potions
 c - 6 potions of curing
 d - 8 potions of heal wounds
 e - a potion of haste
 f - 4 potions of magic
 g - a potion of berserk rage
 i - a potion of invisibility
 k - a potion of might
 n - a potion of resistance
Miscellaneous
 o - a condenser vane


   Skills:
 + Level 23.2 Fighting
 + Level 25.5 Maces & Flails
 + Level 19.4 Armour
 - Level 7.2 Dodging
 + Level 10.0 Stealth
 + Level 3.2 Unarmed Combat
 + Level 5.5 Evocations


You had 13 spell levels left.
You didn't know any spells.
Your spell library was empty.

Dungeon Overview and Level Annotations

Branches:
Dungeon (1/1)

Altars:
Cheibriados
Dithmenos
Elyvilon
Fedhas
Gozag
Hepliaklqana
Kikubaaqudgha
Makhleb
Nemelex Xobeh
Okawaru
Qazlal
Ru
Sif Muna
Trog
Uskayaw
Vehumet
Wu Jian
Xom
Yredelemnul
Zin
The Shining One
Jiyva
Lugonu

Shops:
D ??[(


Innate Abilities, Weirdness & Mutations

You are completely covered in rugged brown scales. (AC +3, +7% HP)
Armour fits poorly on your strangely shaped body.
You have a long armoured tail.
You roll when moving toward enemies. (Rampage)
Your long tongue fully drains potion bottles. (2x potion effects)
Your tongue gives you trouble enunciating. (1.5x scroll delay)


Message History

The arrow completely misses Mennas.
The grasping roots constrict you.
Mennas hits you with a +4 trishula of holy wrath.
* * * LOW HITPOINT WARNING * * *
Mennas hits you but does no damage.
The grasping roots release their grip on you.
You crush Mennas like a grape!!!
As Mennas dies, the sound returns.
You kill Mennas!
Trog appreciates your killing of a magic user.
Trog accepts your kill.
You feel sick.
Nessos shoots an arrow.
The arrow hits you.
* * * LOW HITPOINT WARNING * * *
The arrow burns you.
* * * LOW HITPOINT WARNING * * *
Your Fighting skill increases to level 23!
Unknown command.
You roll towards Nessos!
* * * LOW HITPOINT WARNING * * *
You feel sick.
Nessos shoots an arrow.
The arrow hits you but does no damage.
Unknown command.
You roll towards Nessos!
You bludgeon Nessos!!
Your tail-slap misses Nessos.
Nessos is heavily wounded.
* * * LOW HITPOINT WARNING * * *
You feel sick.
Nessos zaps a wand.
The roots erupt in riotous growth!
The grasping roots grab you!
Nessos is unaffected.
The grasping roots constrict you.
Unknown command.
You hit Nessos but do no damage.
Nessos is heavily wounded.
* * * LOW HITPOINT WARNING * * *
You feel sick.
Unknown command.
You crush Nessos like a grape!!!
You kill Nessos!
Trog accepts your kill.
Trog appreciates your killing of a magic user.
* * * LOW HITPOINT WARNING * * *
You feel sick.
Unknown command.
There is a lethal amount of poison in your body!
You die...

▓▓▓▓▓▓▓▓▓▓▓▓▓▓▓▓▓▓▓▓▓▓▓▓▓▓▓▓
................@....)......
▓▓▓▓▓▓▓▓▓▓▓▓▓▓▓▓▓▓▓▓▓▓▓▓▓▓▓▓▓▓▓▓▓
.'......)[).)))[).)).))+...†)....
▓▓▓▓▓▓▓▓▓▓▓▓▓▓▓▓▓▓▓▓▓▓▓▓▓▓▓▓▓▓▓▓▓
.))..............................
▓▓▓▓▓▓▓▓▓▓▓▓▓▓▓▓▓▓▓▓▓▓▓▓▓▓▓▓▓▓▓▓▓
....'...†....†)†...))))†'...)).))
▓▓▓▓▓▓▓▓▓▓▓▓▓▓▓▓▓▓▓▓▓▓▓▓▓▓▓▓▓▓▓▓▓
...............)†[...............


There were no monsters in sight!

Vanquished Creatures
  Mennas (D)
  Gastronok (D)
  A shadow dragon (D)
  A fenstrider witch (D)
  3 vault wardens (D)
  3 frost giants (D)
  2 ironbound preservers (D)
  A spriggan defender (D)
  2 very ugly things (D)
  An ironbound thunderhulk (D)
  A stone giant (D)
  Nessos (D)
  2 bunyips (D)
  4 ettins (D)
  2 fire dragons (D)
  Josephine (D)
  A merfolk impaler (D)
  A great orb of eyes (D)
  A hydra (D)
  A rakshasa (D)
  3 yaktaur captains (D)
  3 ice dragons (D)
  An anaconda (D)
  A spriggan air mage (D)
  2 ogre magi (D)
  2 ironbound frosthearts (D)
  A radroach (D)
  A satyr (D)
  2 two-headed ogres (D)
  A boulder beetle (D)
  2 deep troll earth magi (D)
  A death yak (D)
  A tengu warrior (D)
  A naga warrior (D)
  A shock serpent (D)
  2 spriggan berserkers (D)
  3 naga sharpshooters (D)
  5 orc high priests (D)
  A skeletal warrior (D)
  A fire crab (D)
  A goliath frog (D)
  An orb spider (D)
  A sea snake (D)
  A spriggan druid (D)
  A swamp dragon (D)
  2 steelbarb worms (D)
  3 ironbound convokers (D)
  A lindwurm (D)
  A bog body (D)
  A harpy (D)
  A wizard (D)
  2 wolf spiders (D)
  An orc knight (D)
  A mana viper (D)
  A salamander (D)
  2 ugly things (D)
  4 cyclopes (D)
  A manticore (D)
  5 orc sorcerers (D)
  A black mamba (D)
  A moth of wrath (D)
  A vault sentinel (D)
  A merfolk siren (D)
  A gargoyle (D)
  Psyche (D)
  A yaktaur (shapeshifter) (D)
  3 cane toads (D)
  2 komodo dragons (D)
  A troll (D)
  A merfolk (D)
  A tyrant leech (D)
  A hornet (D)
  A slime creature (D)
  A snapping turtle (D)
  A polar bear (D)
  A tarantella (D)
  A blink frog (D)
  A culicivora (D)
  A water elemental (D)
  A spriggan (D)
  A shadow (D)
  4 wraiths (D)
  2 yaks (D)
  A wyvern (D)
  A steam dragon (D)
  A basilisk (D)
  Eustachio (D)
  4 water moccasins (D)
  10 orc warriors (D)
  7 black bears (D)
  3 bullfrogs (D)
  A gnoll sergeant (D)
  A scorpion (D)
  A wight (D)
  A jelly (D)
  5 orc priests (D)
  4 orc wizards (D)
  An adder (D)
  A shadow imp (D)
  An ufetubus (D)
  8 orcs (D)
  2 bats (D)
  A goblin (D)
  A hobgoblin (D)
  A kobold (D)
185 creatures vanquished.

Vanquished Creatures (others)
  An ironbound convoker (D)
1 creature vanquished.

Grand Total: 186 creatures vanquished

Notes
Turn   | Place    | Note
-------+----------+-------------------------------------------
     0 | D        | mhtbhm the Armataur Berserker began the quest for the Orb.
     0 | D        | Reached XP level 1. HP: 19/19 MP: 1/1
     4 | D        | Banished a spatial maelstrom
     5 | D        | Reached skill level 3 in Maces & Flails
    14 | D        | Reached ** piety under Trog
    57 | D        | Noticed a scorpion
    57 | D        | Noticed a jelly
    62 | D        | Killed a jelly
    63 | D        | Reached skill level 4 in Maces & Flails
    63 | D        | Reached XP level 2. HP: 6/29 MP: 2/2
    63 | D        | Reached XP level 3. HP: 8/36 MP: 3/3
    64 | D        | Killed a scorpion
    64 | D        | Reached *** piety under Trog
    65 | D        | Reached skill level 5 in Fighting
    65 | D        | Reached skill level 5 in Maces & Flails
    65 | D        | Reached XP level 4. HP: 10/44 MP: 4/4
   209 | D        | Reached skill level 6 in Maces & Flails
   219 | D        | Found a snail-covered altar of Cheibriados.
   219 | D        | Found a shadowy altar of Dithmenos.
   219 | D        | Found a white marble altar of Elyvilon.
   219 | D        | Found a blossoming altar of Fedhas.
   219 | D        | Found an opulent altar of Gozag.
   220 | D        | Found a hazy altar of Hepliaklqana.
   221 | D        | Found a viscous altar of Jiyva.
   222 | D        | Found an ancient bone altar of Kikubaaqudgha.
   223 | D        | Found a corrupted altar of Lugonu.
   224 | D        | Found a burning altar of Makhleb.
   225 | D        | Found a sparkling altar of Nemelex Xobeh.
   226 | D        | Found an iron altar of Okawaru.
   227 | D        | Found a stormy altar of Qazlal.
   228 | D        | Found a sacrificial altar of Ru.
   229 | D        | Found a shimmering blue altar of Sif Muna.
   230 | D        | Found a bloodstained altar of Trog.
   231 | D        | Found a hide-covered altar of Uskayaw.
   232 | D        | Found a radiant altar of Vehumet.
   233 | D        | Found an ornate altar of the Wu Jian Council.
   234 | D        | Found a shimmering altar of Xom.
   235 | D        | Found a basalt altar of Yredelemnul.
   236 | D        | Found a glowing silver altar of Zin.
   237 | D        | Found a glowing golden altar of the Shining One.
   290 | D        | Noticed a steam dragon
   290 | D        | Noticed a wraith
   290 | D        | Noticed a wyvern
   290 | D        | Noticed a two-headed ogre
   290 | D        | Noticed a two-headed ogre
   293 | D        | Killed a two-headed ogre
   294 | D        | Reached skill level 10 in Maces & Flails
   294 | D        | Reached XP level 5. HP: 50/60 MP: 5/5
   294 | D        | Reached XP level 6. HP: 56/67 MP: 6/6
   294 | D        | Reached XP level 7. HP: 62/74 MP: 7/7
   295 | D        | Killed a two-headed ogre
   295 | D        | Reached **** piety under Trog
   296 | D        | Reached skill level 10 in Fighting
   296 | D        | Reached skill level 11 in Maces & Flails
   296 | D        | Reached skill level 5 in Dodging
   296 | D        | Reached skill level 1 in Stealth
   296 | D        | Reached XP level 8. HP: 72/85 MP: 8/8
   301 | D        | Reached skill level 12 in Maces & Flails
   304 | D        | Reached ***** piety under Trog
   412 | D        | Noticed a five-headed hydra
   412 | D        | Noticed a gargoyle
   412 | D        | Noticed a slime creature
   412 | D        | Noticed a troll
   418 | D        | Killed a troll
   419 | D        | Reached skill level 1 in Evocations
   419 | D        | Reached XP level 9. HP: 95/95 MP: 9/9
   427 | D        | Killed a five-headed hydra
   428 | D        | Reached skill level 13 in Maces & Flails
   431 | D        | Received a gift from Trog
   434 | D        | Killed a gargoyle
   435 | D        | Reached skill level 14 in Maces & Flails
   616 | D        | Noticed a komodo dragon
   619 | D        | Killed a komodo dragon
   619 | D        | Received a gift from Trog
   621 | D        | Reached XP level 10. HP: 99/105 MP: 10/10
   635 | D        | Noticed a cane toad
   637 | D        | Noticed a cane toad
   647 | D        | Killed a cane toad
   649 | D        | Killed a cane toad
   650 | D        | Reached skill level 15 in Maces & Flails
   650 | D        | Reached skill level 5 in Stealth
   663 | D        | Noticed a fire crab
   663 | D        | Noticed a cane toad
   663 | D        | Noticed a death yak
   668 | D        | Killed a death yak
   670 | D        | Received a gift from Trog
   680 | D        | Killed a cane toad
   685 | D        | Killed a fire crab
   686 | D        | Reached skill level 16 in Maces & Flails
   687 | D        | Reached skill level 10 in Armour
   696 | D        | Reached ****** piety under Trog
   696 | D        | Received a gift from Trog
   876 | D        | Received a gift from Trog
   879 | D        | Reached skill level 17 in Maces & Flails
   879 | D        | Reached XP level 11. HP: 114/114 MP: 11/11
   923 | D        | Noticed Eustachio
   926 | D        | Killed Eustachio
  1005 | D        | Received a gift from Trog
  1008 | D        | Noticed an orc sorcerer
  1014 | D        | Received a gift from Trog
  1018 | D        | Killed an orc sorcerer
  1060 | D        | Received a gift from Trog
  1072 | D        | Noticed an orc sorcerer
  1083 | D        | Killed an orc sorcerer
  1086 | D        | Reached skill level 18 in Maces & Flails
  1087 | D        | Received a gift from Trog
  1133 | D        | Found Ficuosken's Weapon Boutique.
  1133 | D        | Noticed an orc high priest
  1133 | D        | Noticed an orc sorcerer
  1133 | D        | Noticed an orc knight
  1134 | D        | Noticed a soul eater
  1135 | D        | Noticed an orc high priest
  1152 | D        | Killed an orc knight
  1154 | D        | Killed an orc sorcerer
  1157 | D        | Killed an orc high priest
  1161 | D        | Killed an orc high priest
  1163 | D        | Noticed an orc sorcerer
  1187 | D        | Paralysed by an orc sorcerer for 5 turns
  1193 | D        | Killed an orc sorcerer
  1193 | D        | Identified the +6 battleaxe of Scorn {vorpal, +Blink rC-
                  | Dex-5 Stlth+} (Trog gifted it to you in the Dungeon)
  1193 | D        | Received a gift from Trog
  1194 | D        | Found Ysuojopn's Armour Shop.
  1277 | D        | Found Fyih's Magic Scroll Boutique.
  1279 | D        | Noticed an orc sorcerer
  1280 | D        | Found Waessahu's Magic Scroll Shop.
  1281 | D        | Noticed an orc high priest
  1284 | D        | Noticed an orc high priest
  1285 | D        | Killed an orc sorcerer
  1286 | D        | Reached skill level 19 in Maces & Flails
  1286 | D        | Noticed an orc high priest
  1297 | D        | Noticed a soul eater
  1309 | D        | Killed an orc high priest
  1311 | D        | Killed an orc high priest
  1312 | D        | Reached skill level 15 in Fighting
  1313 | D        | Killed an orc high priest
  1349 | D        | Bought the +8 plate armour "Qies Luriett" {Contam rElec
                  | rPois Regen+} for 831 gold pieces
  1358 | D        | Bought a scroll of blinking for 90 gold pieces
  1360 | D        | Bought a scroll of blinking for 105 gold pieces
  1362 | D        | Bought a scroll of butterflies for 48 gold pieces
  1362 | D        | Bought a scroll of fear for 48 gold pieces
  1362 | D        | Bought a scroll of butterflies for 48 gold pieces
  1362 | D        | Bought a scroll of summoning for 114 gold pieces
  1364 | D        | Bought a scroll of enchant armour for 105 gold pieces
  1364 | D        | Bought a scroll of enchant armour for 105 gold pieces
  1364 | D        | Bought a scroll of butterflies for 56 gold pieces
  1577 | D        | Noticed Psyche
  1591 | D        | Killed Psyche
  1591 | D        | Received a gift from Trog
  1712 | D        | Noticed a green ugly thing
  1712 | D        | Noticed an ogre mage
  1712 | D        | Noticed an ogre mage
  1717 | D        | Killed an ogre mage
  1718 | D        | Reached skill level 20 in Maces & Flails
  1718 | D        | Reached skill level 1 in Unarmed Combat
  1718 | D        | Reached XP level 12. HP: 109/129 MP: 12/12
  1718 | D        | Killed an ogre mage
  1718 | D        | Identified the +6 dire flail "Xaczoi" {vorpal, *Corrode rF+
                  | Dex+4} (Trog gifted it to you in the Dungeon)
  1718 | D        | Received a gift from Trog
  1739 | D        | Noticed a frost giant
  1741 | D        | Noticed a tengu warrior
  1742 | D        | Noticed a frost giant
  1745 | D        | Noticed an ettin
  1748 | D        | Killed a frost giant
  1749 | D        | Noticed a fire dragon
  1752 | D        | Killed a tengu warrior
  1755 | D        | Killed a frost giant
  1755 | D        | Received a gift from Trog
  1756 | D        | Killed an ettin
  1757 | D        | Reached skill level 21 in Maces & Flails
  1769 | D        | Killed a fire dragon
  1885 | D        | Noticed Gastronok
  1891 | D        | Killed Gastronok
  1891 | D        | Received a gift from Trog
  1966 | D        | Noticed a fenstrider witch
  1971 | D        | Killed a fenstrider witch
  1972 | D        | Noticed a bunyip
  1975 | D        | Noticed a bunyip
  1986 | D        | Received a gift from Trog
  1987 | D        | Reached XP level 13. HP: 141/141 MP: 13/13
  1991 | D        | Killed a bunyip
  1993 | D        | Killed a bunyip
  2061 | D        | Received a gift from Trog
  2065 | D        | Reached skill level 22 in Maces & Flails
  2084 | D        | Received a gift from Trog
  2089 | D        | Reached skill level 15 in Armour
  2161 | D        | Noticed a merfolk impaler
  2171 | D        | Reached skill level 10 in Stealth
  2184 | D        | Killed a merfolk impaler
  2185 | D        | Received a gift from Trog
  2199 | D        | Received a gift from Trog
  2286 | D        | Received a gift from Trog
  2287 | D        | Reached skill level 23 in Maces & Flails
  2328 | D        | Noticed Josephine
  2333 | D        | Killed Josephine
  2337 | D        | Received a gift from Trog
  2422 | D        | Noticed a stone giant
  2422 | D        | Noticed a frost giant
  2422 | D        | Noticed an ettin
  2429 | D        | Noticed a fire dragon
  2431 | D        | Killed a frost giant
  2433 | D        | Killed an ettin
  2439 | D        | Received a gift from Trog
  2440 | D        | Noticed a white very ugly thing
  2441 | D        | Killed a stone giant
  2449 | D        | Killed a fire dragon
  2450 | D        | Reached XP level 14. HP: 156/158 MP: 14/14
  2451 | D        | Noticed a shadow dragon
  2461 | D        | Killed a white very ugly thing
  2544 | D        | Killed a shadow dragon
  2545 | D        | Reached skill level 24 in Maces & Flails
  2550 | D        | Noticed a spriggan defender
  2551 | D        | Received a gift from Trog
  2560 | D        | Killed a spriggan defender
  2731 | D        | Received a gift from Trog
  2776 | D        | Noticed a purple very ugly thing
  2783 | D        | Noticed a vault warden
  2787 | D        | Killed a purple very ugly thing
  2788 | D        | Reached skill level 5 in Evocations
  2788 | D        | Received a gift from Trog
  2789 | D        | Noticed an ironbound preserver
  2789 | D        | Noticed an ironbound preserver
  2792 | D        | Noticed a vault warden
  2802 | D        | Killed a vault warden
  2805 | D        | Killed an ironbound preserver
  2806 | D        | Received a gift from Trog
  2807 | D        | Noticed a vault warden
  2810 | D        | Killed a vault warden
  2815 | D        | Killed an ironbound preserver
  2817 | D        | Identified the +5 great mace of Quqau {vorpal, Dex+5} (Trog
                  | gifted it to you in the Dungeon)
  2817 | D        | Received a gift from Trog
  2824 | D        | Reached skill level 25 in Maces & Flails
  2827 | D        | Killed a vault warden
  2828 | D        | Noticed an ironbound thunderhulk
  2838 | D        | Killed an ironbound thunderhulk
  2840 | D        | Received a gift from Trog
  2980 | D        | Noticed Nessos
  2980 | D        | Noticed Mennas
  3010 | D        | HP: 11/247 [Mennas/+4 trishula of holy wrath (2)]
  3011 | D        | Killed Mennas
  3011 | D        | HP: 5/247 [Nessos/arrow (5)]
  3013 | D        | HP: 2/250 [poisoned by Nessos]
  3015 | D        | Killed Nessos
  3016 | D        | Succumbed to Nessos's poison

Illustrated notes

Levels and vault maps discovered:
D:        linesprint [early_d, line_temple, items_1, d_10, items_2, lair_1,
          lair_end, items_3, orc_1, orc_end, items_4, d_15, swamp_1, shoals_1,
          snake_1, spider_1, d_20, vaults_1, items_5, swamp_end, shoals_end,
          snake_end, spider_end, vaults_end, d_27, items_6, zot_1, zot_end,
          crypt_end, forest_end, elf_end, slime_end, tomb_end, abyss_end,
          pan_hell_end]

Skill      XL: |  1  2  3  4  5  6  7  8  9 10 11 12 13 14 |
---------------+-------------------------------------------+-----
Fighting       | 4 5 9 10 11 12 13 15 17 20 23 | 23.2
Maces & Flails | 4 5 10 11 12 14 17 20 21 23 25 | 25.5
Armour         | 3 6 7 8 9 10 11 14 16 19 | 19.4
Dodging        | 2 4 5 6 7 |  7.2
Stealth        | 1 2 4 6 8 10 | 10.0
Evocations     | 1 2 3 4 5 |  5.5
Unarmed Combat | 1 2 3 |  3.2

Action                   |  1- 3 |  4- 6 |  7- 9 | 10-12 | 13-15 || total
-------------------------+-------+-------+-------+-------+-------++-------
Melee: Mace              |    26 |    11 |       |       |       ||    37
       Tailslap          |     3 |     2 |     5 |    26 |    49 ||    85
       Morningstar       |       |     1 |    30 |       |       ||    31
       Great mace        |       |       |     3 |   207 |   288 ||   498
       Unarmed           |       |       |       |     6 |       ||     6
Invok: Berserk           |     1 |     1 |     1 |     4 |     6 ||    13
Evoke: Wand              |       |     1 |     2 |       |     2 ||     5
       Condenser vane    |       |       |     1 |     3 |     2 ||     6
  Use: Potion            |       |       |       |     3 |     1 ||     4
 Stab: Invisible         |       |       |     3 |       |       ||     3
       Confused          |       |       |       |     3 |       ||     3
Armor: Animal skin       |     9 |     2 |       |       |       ||    11
       Scale mail        |       |       |     6 |    24 |       ||    30
       Chain mail        |       |       |       |    22 |       ||    22
       Skin              |       |       |       |     4 |       ||     4
       Plate armour      |       |       |       |    25 |   105 ||   130
Dodge: Dodged            |    13 |     5 |    15 |    60 |    61 ||   154

Table legend: (Time is in decaauts)
 A = Elapsed time spent in this place.
 B = Non-inter-level travel time spent in this place.
 C = Inter-level travel time spent in this place.
 D = Time resting spent in this place.
 E = Time spent auto-exploring this place.
 F = Levels seen in this place.
 G = Mean time per level.
                   A        B        C        D        E       F      G
               +--------+--------+--------+--------+--------+-----+--------+
         Total |   2952 |   2952 |      0 |   1174 |    319 |   1 | 2952.0 |
       Dungeon |   2952 |   2952 |      0 |   1174 |    319 |   1 | 2952.0 |
               +--------+--------+--------+--------+--------+-----+--------+

Top non-repeatable levels by time:
       D: 2952 daAuts
